 Dungeon Crawl Stone Soup version 0.23.0-3-gf3c87f2 (webtiles) character file.

Game seed: 380692048668438827

91 Borgoz the Sneak (level 4, 0/37 HPs)
             Began as a Ghoul Assassin on Feb 24, 2019.
             Slain by Crazy Yiuf
             ... wielding a +4 quarterstaff of chaos
              (8 damage)
             ... on level 2 of the Dungeon.
             The game lasted 00:03:34 (1799 turns).

Borgoz the Sneak (Ghoul Assassin)                   Turns: 1799, Time: 00:03:36

Health: 0/37       AC:  4    Str: 14    XL:     4   Next: 57%
Magic:  3/3        EV: 12    Int:  7    God:
Gold:   86         SH:  0    Dex: 10    Spells: 3/3 levels left

rFire    . . .     SeeInvis .   a - +2 dagger
rCold    + . .     Gourm    .   (no shield)
rNeg     + + +     Faith    .   c - +0 robe
rPois    ∞         Spirit   .   (no helmet)
rElec    .         Reflect  .   d - +0 cloak
rCorr    .         Harm     .   u - +0 pair of gloves
MR       .....                  (no boots)
Stlth    +++.......             (no amulet)
HPRegen  0.00/turn              (no ring)
MPRegen  0.08/turn              (no ring)

@: rotting
A: rotting body, claws 1, carnivore, cold resistance 1, negative energy
resistance 3, inhibited regeneration, torment resistance, unbreathing
a: no special abilities


You were on level 2 of the Dungeon.
You were not hungry.

You visited 1 branch of the dungeon, and saw 2 of its levels.

You collected 86 gold pieces.

Inventory:

Hand Weapons
 a - a +2 dagger (weapon)
 b - a +0 blowgun
Missiles
 e - 8 poisoned needles
 f - 2 curare-tipped needles
Armour
 c - a +0 robe (worn)
 d - a +0 cloak (worn)
 u - a +0 pair of gloves (worn)
Jewellery
 k - a cursed ring of attention {unknown}
Scrolls
 j - a scroll of magic mapping {unknown}
 l - 2 scrolls of remove curse
 n - 2 scrolls of amnesia {unknown}
 o - a scroll of teleportation {unknown}
 s - a scroll of blinking {unknown}
 t - a scroll of enchant weapon {unknown}
Potions
 h - a potion of flight {unknown}
 i - 2 potions of haste
 m - a potion of heal wounds
 p - 2 potions of invisibility {unknown}
 q - a potion of brilliance
 r - 2 potions of agility {unknown}
 w - a potion of degeneration {unknown}
Comestibles
 g - 3 rations


   Skills:
 + Level 2.9 Fighting
 * Level 2.8 Short Blades
 - Level 1.7 Throwing
 * Level 2.2 Dodging
 + Level 4.7 Stealth


You had 3 spell levels left.
You didn't know any spells.
Your spell library was empty.

Dungeon Overview and Level Annotations

Branches:
Dungeon (2/15)

Altars:
Makhleb

Annotations:
D:2 Crazy Yiuf


Innate Abilities, Weirdness & Mutations

Your body is rotting away.
You thrive on raw meat.
You are immune to poison.
You have sharp fingernails.
You are carnivorous and can eat meat at any time.
Your flesh is cold resistant. (rC+)
You are immune to negative energy. (rN+++)
You do not regenerate when monsters are visible.
You are immune to unholy pain and torment.
You can survive without breathing.


Message History

Crazy Yiuf misses you.
You closely miss Crazy Yiuf.
Crazy Yiuf is heavily wounded.
You hit Crazy Yiuf.
Crazy Yiuf is severely wounded.
Crazy Yiuf misses you.
You hit Crazy Yiuf.
Crazy Yiuf is severely wounded.
Crazy Yiuf hits you with a +4 quarterstaff of chaos.
Crazy Yiuf burns you.
You barely miss Crazy Yiuf.
Crazy Yiuf is severely wounded.
Crazy Yiuf closely misses you.
You barely miss Crazy Yiuf.
Crazy Yiuf is severely wounded.
Crazy Yiuf whimpers, "Announcement!
Lay bush sing."
Crazy Yiuf hits you with a +4 quarterstaff of chaos!
* * * LOW HITPOINT WARNING * * *
You are electrocuted!
You die...

#.# #.....<# #.# ###
#.# #.###### #.#
###### ..# #.# #.#
#..... #.####### #.#
#.#### .....#
#.####.#
.)...#########
#......#
.....##....#.### ####
########
.........P..#..##...#
.........P.####.@g..#
#### .....#....##
###..)# #..#
.....###### ####
#..#### #.####
#.....# .....##
#.....#####
......#####
##..........
.......#..#
#...#.######
.........<####
#...#.#
.......#.....#
##.#..# #


You could see Crazy Yiuf.

Vanquished Creatures
  5 adders (D:2)
  An ooze (D:1)
  A worm (D:2)
  A leopard gecko (D:2)
  4 giant cockroaches (D:2)
  12 goblins
  A hobgoblin (D:1)
  6 bats
  2 frilled lizards (D:2)
  2 kobolds
  4 rats
39 creatures vanquished.

Notes
Turn   | Place    | Note
-------+----------+-------------------------------------------
     0 | D:1      | Borgoz the Ghoul Assassin began the quest for the Orb.
     0 | D:1      | Reached XP level 1. HP: 17/17 MP: 0/0
    12 | D:1      | Reached skill level 1 in Dodging
   172 | D:1      | Reached XP level 2. HP: 25/25 MP: 1/1
   896 | D:2      | Reached XP level 3. HP: 24/29 MP: 2/2
  1361 | D:2      | Reached XP level 4. HP: 20/37 MP: 3/3
  1605 | D:2      | Found a runed translucent door.
  1606 | D:2      | Noticed Crazy Yiuf
  1664 | D:2      | Found a burning altar of Makhleb.
  1799 | D:2      | Slain by Crazy Yiuf

Skill      XL: |  1  2  3 |
---------------+----------+-----
Dodging        | 1 2 |  2.2
Short Blades   | 2 |  2.8
Fighting       | |  2.9
Throwing       | |  1.7
Stealth        | |  4.7

Action                   |  1- 3 |  4- 6 || total
-------------------------+-------+-------++-------
Melee: Dagger            |   103 |    39 ||   142
  Use: Scroll            |     3 |     1 ||     4
 Stab: Sleeping          |     7 |     3 ||    10
  Eat: Chunk             |     4 |     1 ||     5
Armor: Robe              |    29 |     6 ||    35
Dodge: Dodged            |    57 |    23 ||    80
